AoeStats
← Aldo

Oasis

510025388Analyzed
2v2 RM · 3d ago on Sep 29, 2026· 46m 30s· 4 players
Game mode
Random Map
Map size
Medium (4 player)
Population
200
Speed
Normal
Resources
Standard
Victory
Conquest
Starting age
Dark Age
Ending age
Imperial Age
RankedLock teamsTeams togetherTeam positionsShared explorationLock speedFull tech treeHidden civsTurbo modeCheats
Victory
Defeat
🇲🇽 Bulgarians · Mexico
957
+15
🇲🇽 Teutons · Mexico
907
+16
🇵🇪 Jurchens · Peru
969
-17
🇵🇪 Britons · Peru
876
-14
Jose_El_Mc
3:53 Loom
11:33 Feudal Age
13:22 Horse Collar
13:29 Double-Bit Axe
27:29 Castle Age
Darkvasco89
6:36 Loom
9:05 Feudal Age
10:28 Double-Bit Axe
14:29 Forging
17:51 Horse Collar
20:45 Bloodlines
24:06 Castle Age
24:39 Castle Age
27:58 Iron Casting
28:49 Scale Barding Armor
41:56 Imperial Age
41:33 Wheelbarrow
42:10 Heavy Plow
fdiazlev
11:07 Feudal Age
11:37 Double-Bit Axe
12:29 Wheelbarrow
22:00 Castle Age
20:38 Scale Mail Armor
21:22 Forging
21:41 Bloodlines
23:02 Bow Saw
23:26 Squires
26:40 Iron Casting
27:30 Pikeman
30:05 Scale Barding Armor
31:16 Stone Mining
31:17 Gold Mining
31:56 Arson
33:54 Chain Barding Armor
33:51 Chain Mail Armor
35:25 Hand Cart
34:57 Town Watch
35:53 Fletching
38:44 Gambesons
47:18 Imperial Age
44:35 Loom
44:52 Town Patrol
46:57 Ironclad
47:01 Bodkin Arrow
Aldo
11:29 Feudal Age
11:22 Loom
13:08 Forging
12:59 Scale Mail Armor
20:05 Castle Age
19:00 Bloodlines
19:41 Scale Barding Armor
19:54 Fletching
24:57 Town Watch
27:59 Wheelbarrow
28:02 Bodkin Arrow
28:29 Stone Mining
29:44 Double-Bit Axe
37:35 Gold Mining
39:50 Husbandry
40:32 Iron Casting
40:18 Chain Barding Armor
40:13 Chain Mail Armor
41:39 Fervor
45:30 Imperial Age
47:09 Conscription
46:45 Stirrups
47:14 Bow Saw
Connection lost

Rejoining the realm…

Still unreachable

The connection could not be restored.

Session expired

The server has moved on; the page needs a fresh start.